 Dungeon Crawl Stone Soup version 0.30.0-19-g36f170ea60 (webtiles) character file.

Game seed: 15135886889409345705

3003 Brutalitops the Firebug (level 9, -4/67 HPs)
             Began as a Ghoul Fire Elementalist on May 30, 2023.
             Was a Priest of Makhleb.
             Killed by divine providence
             ... invoked by an orc priest
              (15 damage)
             ... on level 7 of the Dungeon.
             The game lasted 00:38:24 (7267 turns).

Brutalitops the Firebug (Ghoul Fire Elementalist)   Turns: 7267, Time: 00:38:25

Health: -4/67      AC:  6    Str: 12    XL:     9   Next: 84%
Magic:  7/16       EV: 12    Int: 14    God:    Makhleb [***...]
Gold:   537        SH:  0    Dex:  9    Spells: 9/19 levels left

rFire   . . .        i - +2 hand axe (heavy)
rCold   + . .        (no shield)
rNeg    + + +        w - +0 steam dragon scales
rPois   ∞            (no helmet)
rElec   .            c - +0 cloak
rCorr   .            (no gloves)
SInv    .            (no boots)
Will    .....        e - amulet of magic regeneration
Stlth   ++           g - ring of wizardry
HPRegen 0.00/turn    (no ring)
MPRegen 0.55/turn

%: wizardry (x1)
@: about to teleport, inhibited regen
A: claws 1, cold resistance 1, negative energy resistance 3, inhibited
regeneration, torment resistance 2, devour on kill
a: Renounce Religion, Minor Destruction, Lesser Servant of Makhleb


You were on level 7 of the Dungeon.
You worshipped Makhleb.
Makhleb was most pleased with you.
You visited 1 branch of the dungeon, and saw 7 of its levels.

You collected 537 gold pieces.

Inventory:

Hand Weapons
 i - a +2 heavy hand axe (weapon)
 p - a +0 bardiche
 s - a +0 war axe
Missiles
 o - a throwing net
Armour
 c - a +0 cloak (worn)
 w - +0 steam dragon scales (worn)
Magical Staves
 m - a staff of death
Jewellery
 e - an amulet of magic regeneration (around neck)
 g - a ring of wizardry (left claw)
 j - an amulet of reflection
 t - a ring of ice
Scrolls
 d - a scroll of brand weapon
 f - 3 scrolls of teleportation
 h - 3 scrolls of butterflies {unknown}
 u - a scroll of poison
 v - a scroll of torment {unknown}
Potions
 b - 2 potions of magic
 k - 2 potions of might
 l - 3 potions of ambrosia
 n - a potion of brilliance
 q - a potion of mutation {unknown}
 r - 2 potions of attraction


   Skills:
 + Level 2.1 Fighting
 + Level 1.4 Axes
 + Level 2.9 Dodging
 + Level 3.2 Stealth
 + Level 5.6 Spellcasting
 + Level 4.1 Conjurations
 + Level 1.1 Translocations
 * Level 6.8 Fire Magic
 * Level 5.7 Invocations


You had 9 spell levels left.
You knew the following spells:

 Your Spells              Type           Power      Damage    Failure   Level
a - Foxfire               Conj/Fire      76%        2x1d7     1%          1
b - Scorch                Fire           46%        2d7       1%          2
c - Volatile Blastmotes   Fire/Tloc      30%        2d12      4%          3
d - Flame Wave            Conj/Fire      19%        2d7       7%          4

Your spell library contained the following spells:

 Spells                   Type           Power      Damage    Failure   Level
 Inner Flame              Hex/Fire       13%        N/A       4%          3
 Dazzling Flash           Conj/Hex       18%        N/A       9%          3
 Iskenderun's Mystic Bla  Conj/Tloc      11%        2d4       22%         4
 Animate Dead             Necr           3%         N/A       52%         4
 Starburst                Conj/Fire      9%         6d5       67%         6
 Haunt                    Necr/Summ      1%         N/A       100%        7
 Infestation              Necr           1%         N/A       100%        8


Dungeon Overview and Level Annotations

Branches:
Dungeon (7/15)             Temple (0/1) D:4

Altars:
Fedhas
Gozag
Hepliaklqana
Makhleb
Okawaru
Xom
Yredelemnul


Innate Abilities, Weirdness & Mutations

You are immune to poison.
You have sharp fingernails.
Your flesh is cold resistant. (rC+)
You are immune to negative energy. (rN+++)
You do not regenerate when monsters are visible.
You are immune to unholy pain and torment.
You thrive by killing the living.


Message History

Casting: Foxfire (safe; 1% risk of failure)
Confirm with . or Enter, or press ? or * to list all spells.
You conjure some foxfire!
The foxfire hits the orc priest.
The orc priest is severely wounded.
The foxfire hits the orc priest but does no damage.
The orc priest is severely wounded.
The orc priest hits you with a +0 short sword.
The orc hits you but does no damage.
Casting: Foxfire (safe; 1% risk of failure)
Confirm with . or Enter, or press ? or * to list all spells.
You conjure some foxfire!
The foxfire hits the orc priest but does no damage.
The orc priest is severely wounded.
The orc barely misses you.
The orc priest hits you but does no damage.
The orc misses you. The orc priest barely misses you.
Casting: Foxfire (safe; 1% risk of failure)
Confirm with . or Enter, or press ? or * to list all spells.
You conjure some foxfire!
The foxfire hits the orc priest but does no damage.
The orc priest is severely wounded.
The orc hits you with a +0 short sword.
* * * LOW HITPOINT WARNING * * *
The orc priest closely misses you. The orc misses you.
The orc priest invokes the aid of Beogh against you.
Beogh smites you!
* * * LOW HITPOINT WARNING * * *
Okay, then.
As you read the scroll of teleportation, it crumbles to dust.
You feel strangely unstable.
The foxfire hits the orc priest but does no damage.
The orc priest is severely wounded.
The orc hits you but does no damage. The orc priest closely misses you.
The orc barely misses you.
The orc priest looks satisfied for a moment.
The orc attacks as you move away! The orc closely misses you.
The orc priest misses you.
The orc priest invokes the aid of Beogh against you.
Beogh smites you!
You die...

### ### ♣.♣♣ ♣.♣ #.
...♣#♣♣.♣♣#.#
.......♣..#.# #########
...♣#♣♣.♣♣#.#####....oo..
♣.♣♣ ♣.♣ #...##o.### #.#
♣.♣ #.#..ooo..# ♣.♣♣
♣.♣♣#...#.@##.# .♣.♣#
♣♣.♣#...#.## ... ♣♣♣.#
♣♣.#..##.# ### .♣.♣#
♣♣.♣#.###># ♣.♣♣
♣♣.♣♣#.###.# #.#♣
♣.♣♣♣#.#...#
)#.##♣♣.♣♣....### #8#[#
♣.....###
.#.##.♣...........


You could see 2 orc priests and 2 orcs.

Vanquished Creatures
  A troll (shapeshifter) (D:7)
  Prince Ribbit (D:6)
  Sigmund (D:2)
  A steam dragon (D:7)
  A water moccasin (D:7)
  3 ice beasts (D:7)
  A sky beast (D:7)
  A centaur (D:6)
  An ogre (D:5)
  A phantom (D:6)
  A bullfrog (D:7)
  A wyvern zombie (D:6)
  3 scorpions
  A wight (D:7)
  A killer bee (D:7)
  4 howler monkeys
  2 jellies (D:7)
  A bullfrog zombie (D:6)
  A hound (D:7)
  2 iguanas
  3 orc wizards
  2 sleepcaps
  7 gnolls (D:3)
  13 adders
  A shadow imp (D:7)
  A white imp (D:5)
  A worm (D:5)
  5 dart slugs
  12 orcs
  6 ball pythons
  8 endoplasms
  4 giant cockroaches
  10 goblins
  11 hobgoblins
  6 jackals
  2 quokkas
  8 bats
  4 frilled lizards
  10 kobolds
  3 rats
  A spectral orc (D:6)
147 creatures vanquished.

Vanquished Creatures (collateral kills)
  An ice beast (D:7)
  2 orc warriors (D:7)
  A black bear (D:7)
4 creatures vanquished.

Vanquished Creatures (others)
  A scorpion (D:7)
  746 foxfires
747 creatures vanquished.

Grand Total: 898 creatures vanquished

Notes
Turn   | Place    | Note
-------+----------+-------------------------------------------
     0 | D:1      | Brutalitops the Ghoul Fire Elementalist began the quest for
                  | the Orb.
     0 | D:1      | Reached XP level 1. HP: 14/14 MP: 2/2
   300 | D:1      | Reached XP level 2. HP: 20/20 MP: 1/3
   303 | D:1      | Learned a level 2 spell: Scorch
   374 | D:1      | Reached skill level 3 in Fire Magic
   513 | D:1      | Reached skill level 1 in Conjurations
   549 | D:1      | Reached XP level 3. HP: 26/26 MP: 1/5
   920 | D:1      | Found a faded altar of an unknown god.
   927 | D:1      | Prayed at the altar of an unknown god.
   927 | D:1      | Became a worshipper of Makhleb the Destroyer
   927 | D:1      | Reached * piety under Makhleb
   996 | D:2      | Noticed Sigmund
  1199 | D:2      | Reached XP level 4. HP: 24/33 MP: 6/6
  1824 | D:3      | Found an opulent altar of Gozag.
  1861 | D:3      | Reached ** piety under Makhleb
  2136 | D:3      | Reached XP level 5. HP: 25/38 MP: 2/7
  2838 | D:4      | Found a shimmering altar of Xom.
  2999 | D:4      | Found a staircase to the Ecumenical Temple.
  3010 | D:4      | Reached *** piety under Makhleb
  3329 | D:5      | Entered Level 5 of the Dungeon
  3353 | D:5      | Reached skill level 1 in Invocations
  3353 | D:5      | Reached XP level 6. HP: 35/46 MP: 2/8
  3758 | D:5      | Reached skill level 4 in Fire Magic
  3758 | D:5      | Reached XP level 7. HP: 18/51 MP: 6/10
  3938 | D:5      | Reached skill level 1 in Axes
  3961 | D:5      | Learned a level 3 spell: Volatile Blastmotes
  4447 | D:6      | Found an iron altar of Okawaru.
  4835 | D:6      | Reached skill level 1 in Fighting
  5007 | D:6      | Noticed Prince Ribbit
  5073 | D:6      | Killed Prince Ribbit
  5074 | D:6      | Reached XP level 8. HP: 35/59 MP: 6/12
  5170 | D:6      | Found a hazy altar of Hepliaklqana.
  5631 | D:6      | Found a basalt altar of Yredelemnul.
  5986 | D:2      | Killed Sigmund
  5987 | D:2      | Reached skill level 5 in Fire Magic
  6229 | D:7      | Found a blossoming altar of Fedhas.
  6447 | D:7      | Reached XP level 9. HP: 67/67 MP: 10/14
  6452 | D:7      | Learned a level 4 spell: Flame Wave
  6505 | D:7      | Reached skill level 6 in Fire Magic
  6505 | D:7      | Reached skill level 5 in Invocations
  6756 | D:7      | Noticed a troll
  6769 | D:7      | Killed a troll
  6770 | D:7      | Reached skill level 1 in Translocations
  6957 | D:7      | Reached skill level 5 in Spellcasting
  7267 | D:7      | Killed from afar by an orc priest

Illustrated notes

Levels and vault maps discovered:
D:1:      dpeg_arrival_stone_temple_mockup, layout_basic,
          hellmonk_ecumenical_altar_leap_of_faith,
          chequers_serial_rivers_small_a
D:2:      layout_loops_ring, uniq_sigmund
D:3:      layout_loops_ring, nicolae_gozag_cash_rules_everything_around_me
D:4:      layout_basic, nicolae_overflow_hidden_temple,
          minmay_temple_entry_statues_fountains,
          hangedman_decor_clover_reticule, minmay_stone_trees_small,
          bh_walls_and_bars
D:5:      layout_basic
D:6:      layout_loops_ring, nicolae_hepliaklqana_monster_ancestors,
          lemuel_zombie_altar_yredelemnul, nicolae_overflow_crystal_walls,
          uniq_prince_ribbit1
D:7:      nzn_winding_woodlands_medium [nzn_winding_woodlands_5x5_cross,
          nzn_winding_woodlands_5x15_crooked, nzn_winding_woodlands_hourglass,
          nzn_winding_woodlands_5x5_default,
          nzn_winding_woodlands_center_diamonds,
          nzn_winding_woodlands_5x5_three,
          nzn_winding_woodlands_5x5_closed_star,
          nzn_winding_woodlands_5x15_twine,
          nzn_winding_woodlands_5x5_perimeter], layout_rooms,
          mainiacjoe_overflow_small_starburst

Skill      XL: |  1  2  3  4  5  6  7  8  9 |
---------------+----------------------------+-----
Fire Magic     | 3 4 5 6 |  6.8
Conjurations   | 1 2 3 4 |  4.1
Spellcasting   | 2 3 4 5 |  5.6
Dodging        | 2 |  2.9
Invocations    | 1 2 3 4 5 |  5.7
Axes           | 1 |  1.4
Fighting       | 1 2 |  2.1
Stealth        | 3 |  3.2
Translocations | 1 |  1.1

Action                     |  1- 3 |  4- 6 |  7- 9 || total
---------------------------+-------+-------+-------++-------
  Melee: Unarmed           |     4 |       |       ||     4
         Hand axe          |     9 |    24 |    23 ||    56
         Punch             |       |       |     2 ||     2
   Cast: Foxfire           |    71 |   191 |   205 ||   467
         Volatile Blastmot |       |       |    21 ||    21
         Scorch            |       |       |    24 ||    24
 Invoke: Lesser Servant of |       |       |     1 ||     1
    Use: Scroll            |     4 |     9 |     4 ||    17
         Potion            |       |     3 |     1 ||     4
 Armour: Robe              |     5 |     9 |    15 ||    29
         Steam dragon scal |       |       |    20 ||    20
  Dodge: Dodged            |     9 |    62 |    78 ||   149
